Map: Terraform LE (Void)

Players

InPaNiC - Winner!

  • Race: Terran Terran
  • League: Grandmaster

LuC

  • Race: Zerg Zerg
  • League: Silver

VOD

Have the link to the VOD?

Description

Time

  • Played on: Sept. 5, 2015, 6:59 a.m.
  • Length: 9:19
Show
View Real Time Build Order
Export as new Build Order

InPaNiC Terran - Winner!

Build Orders: Command Center First (CC), MMM Bio 

Get SALT Encoding   

  12  0:01  SCV  
  13  0:13  SCV  
  14  0:18  Supply Depot  
  14  0:25  SCV  
  15  0:40  SCV  
  16  0:52  SCV  
  17  1:02  Command Center  
  17  1:06  SCV  
  18  1:15  Barracks  
  18  1:21  SCV  
  19  1:31  Refinery  
  19  1:33  SCV  
  20  1:46  Barracks  
  20  1:50  SCV  
  21  2:06  Orbital Command  
  21  2:09  Barracks Tech Lab  
  21  2:12  Refinery  
  21  2:14  Orbital Command  
  21  2:28  Marauder  
  23  2:34  SCV  
  23  2:35  Barracks Reactor  
  24  2:39  Barracks  
  24  2:46  SCV x2  
  24  2:50  Concussive Shells  
  26  2:55  Marauder  
  26  2:58  SCV  
  29  3:03  SCV  
  30  3:10  SCV  
  30  3:12  Marine x2  
  33  3:15  SCV  
  34  3:22  SCV  
  34  3:25  Factory  
  34  3:26  Supply Depot  
  35  3:27  Barracks Reactor  
  35  3:31  Marine  
  35  3:32  Refinery, Marine  
  37  3:37  SCV  
  37  3:38  Refinery  
  38  3:43  Stimpack  
  38  3:47  SCV  
  38  3:48  Supply Depot  
  39  3:55  Engineering Bay x2  
  39  3:56  Marine  
  39  3:57  Marine  
  39  3:59  Marauder  
  43  4:05  SCV x2  
  43  4:09  Starport  
  45  4:10  Factory Reactor  
  45  4:14  Marine x2  
  45  4:15  Marine  
  48  4:17  Marine  
  49  4:29  Marauder  
  51  4:31  Terran Infantry Weapons Level 1  
  51  4:33  Terran Infantry Armor Level 1  
  51  4:35  SCV x2  
  53  4:40  Marine x3  
  53  4:41  Marine  
  57  4:53  Supply Depot  
  57  4:55  Medivac x2  
  57  4:59  SCV  
  62  5:00  SCV  
  63  5:07  Marine  
  63  5:08  Marine x3  
  63  5:10  Marauder  
  63  5:12  Factory Tech Lab  
  69  5:23  SCV x2  
  69  5:28  Armory  
  71  5:40  SCV x2  
  71  5:41  Marine x4  
  77  5:43  Combat Shields  
  77  5:55  Supply Depot  
  77  5:56  Marauder, Siege Tank, Medivac x2  
  86  5:58  Supply Depot  
  86  6:10  Command Center  
  75  6:26  Liberator x2  
  74  6:34  Marine x3  
  74  6:35  Marine  
  74  6:36  Marauder  
  80  6:41  Siege Tank  
  89  6:58  Marine x4  
  89  6:59  Marauder  
  95  7:02  Terran Infantry Weapons Level 2  
  95  7:08  Barracks  
  95  7:09  Barracks  
  95  7:10  Barracks  
  95  7:11  Barracks  
  95  7:13  Siege Tank  
  98  7:20  Marine x4  
  98  7:22  Marauder  
  104  7:24  Orbital Command  
  82  7:55  Marine x3  
  82  7:56  Marine  
  82  7:57  Marine x4, Marauder  
  82  8:13  Orbital Command  
  82  8:15  Liberator  
  82  8:16  Liberator  
  82  8:18  Marauder  
  81  8:31  Barracks Reactor x3  
  81  8:32  Barracks Reactor  
  83  8:35  SCV  
  84  8:47  SCV x2  
  84  8:48  SCV  
  87  8:49  Marine x5  
  90  8:59  SCV x2  
  90  9:00  SCV  
  90  9:02  Refinery  
Show
View Real Time Build Order
Export as new Build Order

LuC Zerg 

Build Orders: Pool First 

Get SALT Encoding   

  12  0:01  Drone  
  13  0:10  Drone  
  14  0:26  Spawning Pool  
  13  0:29  Drone  
  14  0:37  Overlord  
  15  0:57  Drone x3  
  17  1:14  Hatchery  
  16  1:21  Extractor  
  16  1:24  Drone  
  16  1:29  Queen  
  18  1:35  Drone x2  
  20  1:55  Overlord  
  20  1:59  Zergling x2  
  21  2:07  Drone  
  22  2:13  Queen  
  24  2:16  Drone  
  25  2:31  Metabolic Boost  
  25  2:34  Drone x3  
  28  2:46  Overlord  
  28  2:55  Zergling x8  
  32  2:58  Zergling x2  
  32  2:59  Zergling x2  
  34  3:08  Zergling x6  
  34  3:10  Zergling x2  
  38  3:17  Zergling x2  
  39  3:49  Drone x2  
  39  3:50  Drone x3  
  39  3:55  Extractor  
  43  3:56  Roach Warren, Drone, Extractor  
  43  3:57  Drone x2  
  44  4:11  Overlord  
  44  4:12  Overlord  
  44  4:13  Overlord  
  44  4:14  Overlord  
  44  4:51  Roach x6  
  56  5:02  Drone x8  
  64  5:15  Roach x2  
  64  5:16  Roach x3  
  74  5:24  Hatchery  
  73  5:39  Overlord  
  73  5:40  Overlord  
  72  5:47  Overlord x2  
  72  6:00  Ravager  
  72  6:01  Ravager x4  
  77  6:08  Roach  
  77  6:09  Roach x3  
  83  6:19  Overlord  
  71  6:27  Roach x3, Zergling x8  
  71  6:28  Zergling x2  
  76  6:37  Roach x2, Zergling x4  
  82  6:40  Queen  
  82  6:43  Drone  
  85  6:57  Overlord  
  85  6:58  Overlord  
  85  7:01  Overlord  
  85  7:08  Hatchery  
  85  7:11  Ravager  
  85  7:14  Roach, Zergling x2  
  85  7:15  Roach x5, Zergling x6  
  101  7:25  Drone  
  101  7:26  Drone x4  
  101  7:27  Evolution Chamber x2  
  101  7:29  Extractor  
  103  7:34  Lair  
  50  8:03  Drone x8  
  44  8:37  Spawning Pool  
  44  8:38  Extractor  
Tags
 
Add a new tag
Caveats
  • Supply blocks, unpowered buildings, or Contaminate may cause inaccurate times.
  • Supply counts are checked every 10 seconds.